 Dungeon Sprint DCSS version 0.18-a0-1347-gb9e2fb4 (webtiles) character file.

172 Kidiri the Covert (level 5, -4/26 (27) HPs)
             Began as a Spriggan Enchanter on Feb 17, 2016.
             Slain by a necrophage (8 damage)
             ... in the Dungeon (Sprint II: "The Violet Keep of Menkaure").
             The game lasted 00:01:34 (66 turns).

Kidiri the Covert (Spriggan Enchanter)                Turns: 66, Time: 00:01:34

HP:   -4/26 (27)    AC:  3    Str:  4      XL:     5   Next: 27%
MP:   11/14         EV: 22    Int: 16 (17) God:
Gold: 0             SH:  0    Dex: 17      Spells: 1 memorised, 15 levels left

rFire  . . .     SeeInvis +     a - +1 dagger
rCold  . . .     Gourm    .     b - +1 robe
rNeg   . . .     Faith    .     (shield restricted)
rPois  .         Spirit   .     (helmet restricted)
rElec  .         Dismiss  .     (no cloak)
rCorr  .         Reflect  .     (gloves unavailable)
SustAt .         Harm     .     (boots unavailable)
MR     .....     NoTele   +     (no amulet)
Stlth  +++++.....               (no ring)
                                (no ring)

@: exhausted, non-regenerating, diseased, very quick, not resistant to hostile
enchantments, quite stealthy
A: unfitting armour, see invisible, herbivore 3, speed 3, slow metabolism 2
a: no special abilities


You were in the Dungeon.
You were not hungry.

You visited 1 branch

Inventory:

Hand Weapons
 a - a +1 dagger (weapon)
Armour
 b - a +1 robe (worn)
Scrolls
 j - a scroll of blinking
Potions
 e - a potion of curing
 g - a potion of haste
 h - 2 potions of magic
Books
 c - a book of Maledictions

   Spells                             Type                      Level
   a - Corona                         Hexes                        1
   b - Ensorcelled Hibernation        Hexes/Ice                    2
   c - Confuse                        Hexes                        3
   d - Tukima's Dance                 Hexes                        3
   e - Dazzling Spray                 Conjuration/Hexes            3
Comestibles
 d - a bread ration


   Skills:
 + Level 2.5 Fighting
 * Level 5.0 Short Blades
 + Level 2.1 Armour
 * Level 7.1 Dodging
 * Level 8.4 Stealth
 * Level 6.0 Spellcasting
 + Level 5.2 Hexes


You had 15 spell levels left.
You knew the following spells:

 Your Spells              Type           Power        Failure   Level  Hunger
a - Corona                Hex            ###....      1%          1    None


Dungeon Overview and Level Annotations

Branches:
Dungeon (1/1)

Altars:

Shops:
D =:![?![}}%!


Innate Abilities, Weirdness & Mutations

You are tiny and cannot use many weapons and most armour.
You have supernaturally acute eyesight.
You are an herbivore.
You cover ground extremely quickly.
You need consume almost no food.


Message History

The necrophage is severely damaged.
You hit the necrophage but do no damage.
The necrophage is severely damaged.
The necrophage completely misses you.
You barely miss the necrophage.
The necrophage is severely damaged.
The necrophage barely misses you.
You hit the necrophage.
The necrophage is severely damaged.
The necrophage hits you.
* * * LOW HITPOINT WARNING * * *
You hit the necrophage but do no damage.
The necrophage is severely damaged.
You hit the necrophage.
The necrophage is almost destroyed.
The necrophage closely misses you.
You barely miss the necrophage.
The necrophage is almost destroyed.
The necrophage hits you!
You die...

######≈ ..∩.∩#≈
.∩.∩.#≈ ∩.∩..#≈
.∩...#≈ ###
∩....#≈##.###+#
.∩...#≈#...##.##
+≈@##$†.<.+
.∩.∩.#≈#nn.##.##
▓▓▓###≈##.###+#
######≈ ### .#$
## .B B. ##. .##
## ##


You could see 2 necrophages.

Vanquished Creatures
  2 necrophages (D)
2 creatures vanquished.

Vanquished Creatures (others)
  A crocodile (D)
1 creature vanquished.

Grand Total: 3 creatures vanquished

Notes
Turn   | Place    | Note
--------------------------------------------------------------
     0 | D        | Kidiri the Spriggan Enchanter began the quest for the Orb.
     0 | D        | Reached XP level 1. HP: 9/9 MP: 5/5
     1 | D        | Noticed a boulder beetle
     1 | D        | Noticed a boulder beetle
     4 | D        | Noticed a necrophage
     4 | D        | Noticed a necrophage
     4 | D        | Noticed a necrophage
     4 | D        | Noticed a necrophage
    14 | D        | Killed a necrophage
    14 | D        | Reached skill level 1 in Armour
    14 | D        | Reached skill level 5 in Dodging
    14 | D        | Reached skill level 7 in Stealth
    14 | D        | Reached skill level 5 in Spellcasting
    14 | D        | Reached XP level 2. HP: 11/15 MP: 6/9
    14 | D        | Reached XP level 3. HP: 13/18 MP: 6/10
    14 | D        | Reached XP level 4. HP: 16/23 MP: 7/12
    21 | D        | Killed a necrophage
    21 | D        | Reached skill level 5 in Short Blades
    21 | D        | Reached skill level 8 in Stealth
    21 | D        | Reached skill level 5 in Hexes
    21 | D        | Reached XP level 5. HP: 18/27 MP: 7/14
    23 | D        | HP: 1/27 [necrophage (7)]
    26 | D        | Found Taororr's Antique Armour Shoppe.
    26 | D        | Found Wiacunn's Gadget Shoppe.
    26 | D        | Found Nuxteps's Gadget Shoppe.
    26 | D        | Found Siogiowe's Distillery.
    26 | D        | Found Jamy's Distillery.
    26 | D        | Found Taprab's Antique Armour Emporium.
    27 | D        | Found Nangewig's Food Emporium.
    27 | D        | Found Loofuirosy's Distillery.
    27 | D        | Found Eduitil's Magic Scroll Emporium.
    27 | D        | Found Xerphuops's Book Shoppe.
    27 | D        | Found Tarph's Jewellery Emporium.
    43 | D        | Killed a crocodile
    66 | D        | Slain by a necrophage

Vault maps used:
D:        the_violet_keep_of_menkaure

Action                   |  1- 3 |  4- 6 || total
-------------------------+-------+-------++-------
Melee: Dagger            |     7 |    37 ||    44
 Cast: Corona            |       |     2 ||     2
  Use: Potion            |     1 |     1 ||     2
